 Dungeon Crawl Stone Soup version 0.18-a0-971-g0af6217 (webtiles) character file.

477 Sodium1970 the Slasher (level 7, -4/52 HPs)
             Began as a Human Fighter on Jan 2, 2016.
             Killed from afar by an orc wizard (7 damage)
             ... with a puff of flame
             ... on level 4 of the Dungeon.
             The game lasted 00:13:43 (3699 turns).

Sodium1970 the Slasher (Human Fighter)              Turns: 3699, Time: 00:13:43

Health: -4/52      AC: 10    Str: 19    XL:     7   Next: 33%
Magic:  7/7        EV:  5    Int:  8    God:
Gold:   329        SH:  0    Dex: 12    Spells: 0 memorised, 6 levels left

rFire  x . .     SeeInvis .     a - +0 long sword
rCold  + . .     Gourm    .     g - +0 chain mail
rNeg   . . .     Faith    .     c - +0 shield
rPois  .         Spirit   .     (no helmet)
rElec  .         Dismiss  .     (no cloak)
rCorr  +         Reflect  .     o - +0 pair of gloves
SustAt .         Harm     .     (no boots)
MR     .....                    f - amulet of resist corrosion
Stlth  ..........               (no ring)
                                l - ring of ice

@: confused, not resistant to hostile enchantments, extremely unstealthy
A: no striking features
a: no special abilities


You were on level 4 of the Dungeon.
You were not hungry.

You visited 1 branch of the dungeon, and saw 4 of its levels.

You collected 329 gold pieces.

Inventory:

Hand Weapons
 a - a +0 long sword (weapon)
Armour
 c - a +0 shield (worn)
 g - a +0 chain mail (worn)
 o - a +0 pair of gloves (worn)
Jewellery
 f - an amulet of resist corrosion (around neck)
 l - a ring of ice (left hand)
Scrolls
 r - a scroll of remove curse
 w - a scroll of fog {unknown}
 x - 3 scrolls of enchant armour {unknown}
Potions
 d - a potion of might
 e - 2 potions of lignification
 i - 2 potions of haste
 s - a potion of resistance
Comestibles
 b - a meat ration
 q - a fruit
 u - a slice of pizza
 v - a bread ration


   Skills:
 + Level 3.3 Fighting
 + Level 6.2 Long Blades
 + Level 3.8 Armour
 + Level 1.7 Dodging
 - Level 0.2 Stealth
 + Level 3.5 Shields


You had 6 spell levels left.
You didn't know any spells.

Dungeon Overview and Level Annotations

Branches:
Dungeon (4/15)
 Temple: D:4-7

Altars:
Okawaru

Shops:
D:4 %


Message History

You hit the orc.
The orc is severely wounded.
Something hits you but does no damage. You block the orc's attack.
You block the orc's attack.
You hear some strange, mumbled words.
You are confused.
You bump into the rock wall.
The orc hits you but does no damage. The orc hits you but does no damage.
You hear some strange, mumbled words.
A puff of flame appears from out of thin air!
The puff of flame hits you! The fire burns you terribly!
* * * LOW HITPOINT WARNING * * *
You hit the orc.
You kill the orc!
The orc hits you but does no damage. Something hits you but does no damage.
The orc hits you but does no damage.
You hear some strange, mumbled words.
A puff of flame appears from out of thin air!
The puff of flame hits you! The fire burns you terribly!
You die...

# #........# ###.
#........#
.=..8#........#
.....#........#
l.8.∩.8.......#
....o>........#
....8##.####### ...
##.######
....##..@....#
.........o{...#
##.###........#
#....#....#
#..#.##....#
............######
......
..#.#..#.....PP>..#
.....
..#.#.##..≈≈.≈.##.#
.....## ..#.
##.≈≈≈≈.##.#


You could see an orc.

Vanquished Creatures
  An ogre (D:3)
  2 centaur zombies (D:4)
  2 giant frog zombies (D:4)
  A hound (D:4)
  A centaur skeleton (D:4)
  A worker ant (D:4)
  3 hound zombies (D:4)
  A hound skeleton (D:4)
  4 adders
  An adder skeleton (D:4)
  An adder zombie (D:4)
  2 worms
  4 giant geckos
  7 orcs
  2 ball pythons
  5 giant cockroaches
  6 hobgoblins
  2 jackals (D:3)
  A quokka (D:3)
  7 bats
  A giant cockroach zombie (D:4)
  A giant gecko zombie (D:4)
  7 giant newts
  4 goblins (D:1)
  A jackal zombie (D:4)
  10 kobolds
  A quokka skeleton (D:4)
  A quokka zombie (D:4)
  7 rats
87 creatures vanquished.

Notes
Turn   | Place    | Note
--------------------------------------------------------------
     0 | D:1      | Sodium1970 the Human Fighter began the quest for the Orb.
     0 | D:1      | Reached XP level 1. HP: 18/18 MP: 1/1
   412 | D:1      | Reached XP level 2. HP: 21/24 MP: 2/2
   413 | D:1      | Reached skill level 1 in Dodging
   741 | D:1      | Reached XP level 3. HP: 29/29 MP: 3/3
  1186 | D:2      | Reached XP level 4. HP: 33/35 MP: 4/4
  1628 | D:2      | Reached skill level 4 in Long Blades
  1806 | D:3      | Found an iron altar of Okawaru.
  1846 | D:3      | Noticed an ogre
  1856 | D:3      | Killed an ogre
  1856 | D:3      | Reached skill level 5 in Long Blades
  1856 | D:3      | Reached XP level 5. HP: 25/41 MP: 5/5
  2671 | D:3      | Reached XP level 6. HP: 41/47 MP: 6/6
  3003 | D:4      | Reached skill level 6 in Long Blades
  3038 | D:4      | Reached XP level 7. HP: 4/52 MP: 7/7
  3665 | D:4      | Found Ifepeis's Food Boutique.
  3699 | D:4      | Killed from afar by an orc wizard

Vault maps used:
D:1:      dpeg_arrival_arbitrary_a, minmay_misc_feat_tiny, st_stairs_11
D:2:      serial_forest, infiniplex_forest_pool, infiniplex_forest_lined_room_2,
          infiniplex_forest_lined_room_2, infiniplex_forest_clump_C,
          infiniplex_forest_zigzag_2, infiniplex_forest_end_double,
          grunt_decor_one_mirror, nemelex_dance_club_becter
D:3:      okawaru_trees_2, first_bread
D:4:      kennysheep_ying_yang, serial_shops, nicolae_shop_statue_plus,
          serial_undead, serial_undead_d, serial_undead_b, serial_undead_a,
          serial_undead_f, serial_undead_b, serial_undead_b, serial_undead_f

Action                   |  1- 3 |  4- 6 |  7- 9 || total
-------------------------+-------+-------+-------++-------
Melee: Long sword        |   125 |   219 |    60 ||   404
  Use: Scroll            |       |     5 |     3 ||     8
       Potion            |       |       |     3 ||     3
  Eat: Bread ration      |     1 |       |       ||     1
       Beef jerky        |       |     1 |       ||     1
       Fruit             |       |     1 |       ||     1
       Meat ration       |       |       |     1 ||     1
